 Dungeon Crawl Stone Soup version 0.32-a0-818-gb728d0252e (webtiles) character file.

Game seed: 16460139552626905461

61 hikkokomori the Apothecary (level 4, -1/32 HPs)
             Began as a Coglin Alchemist on Mar 23, 2024.
             Slain by an iguana (13 damage)
             ... on level 3 of the Dungeon.
             The game lasted 00:03:40 (1894 turns).

hikkokomori the Apothecary (Coglin Alchemist)       Turns: 1894, Time: 00:03:41

Health: -1/32      AC: -2    Str:  9    XL:     4   Next: 7%
Magic:  5/7        EV: 11    Int: 23    God:
Gold:   157        SH:  0    Dex: 14    Spells: 3/7 levels left

rFire   . . .        g - +0 war axe "Widowmaker" {flame, *Rage *Corrode +Blink Int+7}
rCold   . . .        k - +0 club {Sukanya}
rNeg    . . .        a - +0 robe
rPois   .            (no helmet)
rElec   .            (no cloak)
rCorr   .            (no gloves)
SInv    .            (no boots)
Will    .....        (amulet unavailable)
Stlth   ++           (ring unavailable)
HPRegen 0.25/turn    (ring unavailable)
MPRegen 0.10/turn    (no gizmo)

%: random rage (20%), corrode self (3%)
@: corroded, revved
A: off-hand wielding, slow wielding, warmup strikes, no jewellery
a: Invent Gizmo, Evoke Blink


You were on level 3 of the Dungeon.
You visited 1 branch of the dungeon, and saw 3 of its levels.

You collected 157 gold pieces.

Inventory:

Hand Weapons
 g - the +0 war axe "Widowmaker" (weapon) {flame, *Rage *Corrode +Blink Int+7}
   (You found it on level 2 of the Dungeon)

   Int+7:     It affects your intelligence (+7).
   +Blink:    It lets you blink.
   *Rage:     It berserks you when you make melee attacks (+20% chance).
   *Corrode:  It may corrode you when you take damage.
 j - a +0 sling
 k - a +0 club (offhand) {Sukanya}
Armour
 a - a +0 robe (worn)
Scrolls
 d - 2 scrolls of poison
 e - 2 scrolls of teleportation
 h - a scroll of identify {unknown}
 i - a scroll of revelation {unknown}
Potions
 b - a potion of magic
 c - a potion of mutation {unknown}
 f - a potion of haste {unknown}


   Skills:
 + Level 1.5 Fighting
 - Level 1.7 Dodging
 - Level 1.5 Stealth
 + Level 2.2 Spellcasting
 + Level 1.7 Conjurations
 + Level 0.3 Air Magic
 + Level 3.8 Alchemy


You had 3 spell levels left.
You knew the following spells:

 Your Spells              Type           Power      Damage    Failure   Level
a - Sting                 Conj/Alch      60%        1d6       4%          1
b - Mephitic Cloud        Conj/Alch/Air  11%        N/A       17%         3

Your spell library contained the following spells:

 Spells                   Type           Power      Damage    Failure   Level
 Magic Dart               Conj           40%        1d5       6%          1
 Mercury Vapours          Alch/Air       24%        N/A       8%          2
 Blink                    Tloc           4%         N/A       19%         2
 Call Imp                 Summ           4%         N/A       19%         2
 Olgreb's Toxic Radiance  Alch           20%        N/A       26%         4
 Sticky Flame             Fire/Alch      11%        2d5       50%         4


Dungeon Overview and Level Annotations

Branches:
Dungeon (3/15)

Altars:


Innate Abilities, Weirdness & Mutations

You can wield a second weapon in your off-hand.
It takes a long time for you to wield or remove held weapons.
Your first few attacks do less damage.
You cannot equip rings or amulets.


Message History

The endoplasm quivers.
You hit the endoplasm with your +0 club.
The endoplasm is heavily wounded.
You hit the endoplasm but do no damage. The endoplasm misses you.
You hit the endoplasm with your +0 club.
You kill the endoplasm!
No target in view!
No target in view!
No target in view!
No target in view!
No target in view!
No target in view!
No target in view!
No target in view!
No target in view!
No target in view!
No target in view!
An iguana comes into view.
You now have 157 gold pieces (gained 18).
There are no items here.
The sting hits the iguana but does no damage.
The iguana is poisoned.
The iguana bites you!
Your corrosive artefact corrodes you!
The sting misses the iguana.
The iguana bites you!
You are too injured to fight recklessly!
You are too injured to fight recklessly!
You are too injured to fight recklessly!
You hit the iguana but do no damage.
The iguana is lightly wounded.
You barely miss the iguana with the +0 war axe "Widowmaker".
The iguana closely misses you.
You closely miss the iguana with the +0 war axe "Widowmaker".
The iguana is lightly wounded.
You hit the iguana but do no damage. The iguana barely misses you.
The iguana bites you!
You hit the iguana with the +0 war axe "Widowmaker".
You burn the iguana.
The iguana is moderately wounded.
You hit the iguana with your +0 club. The iguana bites you!
You die...

## ... ##############
....##.............
.......##...###### #
.......#.###.#####.###
#...l@.# #.........#
#.#.##.###.#####.#.#
.<.......## #
###.##.#..#
#.##.#..######
#..............
###...#####....
###...# ## #####.....#


You could see an iguana (poisoned).

Vanquished Creatures
  An adder (D:1)
  2 dart slugs
  A ribbon worm (D:2)
  3 endoplasms
  9 goblins
  3 hobgoblins (D:1)
  8 jackals (D:2)
  3 kobolds
  A quokka (D:1)
  4 ball pythons
  2 bats (D:1)
  A frilled lizard (D:2)
  3 rats
41 creatures vanquished.

Notes
Turn   | Place    | Note
-------+----------+-------------------------------------------
     0 | D:1      | hikkokomori the Coglin Alchemist began the quest for the
                  | Orb.
     0 | D:1      | Reached XP level 1. HP: 13/13 MP: 3/3
   133 | D:1      | Reached skill level 1 in Conjurations
   263 | D:1      | Reached XP level 2. HP: 15/20 MP: 0/4
   634 | D:1      | Reached skill level 1 in Fighting
   951 | D:2      | Found a faded altar of an unknown god.
   955 | D:2      | Reached XP level 3. HP: 26/26 MP: 2/6
  1218 | D:2      | Identified the +0 war axe "Widowmaker" {flame, *Rage
                  | *Corrode +Blink Int+7}
  1230 | D:2      | Learned a level 3 spell: Mephitic Cloud
  1641 | D:2      | Reached XP level 4. HP: 32/32 MP: 4/7
  1894 | D:3      | Slain by an iguana

Illustrated notes

Levels and vault maps discovered:
D:1:      minmay_arrival_stone_box, layout_basic
D:2:      layout_rooms, ebering_ecumenical_altar_webs,
          amcnicky_mini_rare_corridor_liquid
D:3:      layout_loops_ring, amcnicky_altar_gilded,
          ebering_ghost_reflecting_pool

Skill      XL: |  1  2 |
---------------+-------+-----
Conjurations   | 1 |  1.7
Spellcasting   | 2 |  2.2
Fighting       | 1 |  1.5
Dodging        | |  1.7
Stealth        | |  1.5
Air Magic      | |  0.3
Alchemy        | |  3.8

Action                     |  1- 3 |  4- 6 || total
---------------------------+-------+-------++-------
  Melee: Unarmed           |    12 |       ||    12
         War axe           |    10 |     5 ||    15
         Club              |       |     6 ||     6
   Cast: Sting             |    63 |     4 ||    67
    Use: Scroll            |     2 |       ||     2
   Stab: Sleeping          |     2 |     1 ||     3
 Armour: Robe              |    33 |     4 ||    37
  Dodge: Dodged            |    26 |     4 ||    30

Table legend: (Time is in decaauts)
 A = Elapsed time spent in this place.
 B = Non-inter-level travel time spent in this place.
 C = Inter-level travel time spent in this place.
 D = Time resting spent in this place.
 E = Time spent auto-exploring this place.
 F = Levels seen in this place.
 G = Mean time per level.
                   A        B        C        D        E       F      G
               +--------+--------+--------+--------+--------+-----+--------+
         Total |   1909 |   1785 |    124 |     61 |   1445 |   3 |  636.3 |
       Dungeon |   1909 |   1785 |    124 |     61 |   1445 |   3 |  636.3 |
               +--------+--------+--------+--------+--------+-----+--------+

Top non-repeatable levels by time:
     D:1: 1061 daAuts
     D:2: 799 daAuts
     D:3: 48 daAuts
